 Dungeon Crawl Stone Soup version 0.19.4-9-g45fd643 (webtiles) character file.

263 volk64 the Shield-Bearer (level 6, -8/48 HPs)
             Began as a Formicid Fighter on Feb 22, 2017.
             Mangled by Paps's ghost (10 damage)
             ... on level 4 of the Dungeon.
             The game lasted 00:12:00 (2932 turns).

volk64 the Shield-Bearer (Formicid Fighter)         Turns: 2932, Time: 00:12:01

Health: -8/48      AC:  8    Str: 21    XL:     6   Next: 42%
Magic:  6/6        EV:  8    Int:  7    God:
Gold:   101        SH: 11    Dex: 14    Spells: 0 memorised, 5 levels left

rFire  . . .     SeeInvis +     a - +0 war axe
rCold  . . .     Gourm    .     b - +0 scale mail
rNeg   . . .     Faith    .     c - +1 shield
rPois  .         Spirit   .     (helmet unavailable)
rElec  .         Reflect  .     i - +0 cloak
rCorr  .         Harm     .     (no gloves)
MR     .....                    (no boots)
Stlth  ..........               (no amulet)
                                (no ring)
                                e - +2 ring of dexterity

@: lethally poisoned (-8 -> -13)
A: permanent stasis, dig shafts and tunnels, four strong arms, antennae 3
a: Dig, Shaft Self


You were on level 4 of the Dungeon.
You were not hungry.

You visited 1 branch of the dungeon, and saw 4 of its levels.

You collected 101 gold pieces.

Inventory:

Hand Weapons
 a - a +0 war axe (weapon)
 d - a +3 vampiric dagger
 l - a +1 antimagic rapier
 m - a +0 short sword of venom
 u - the +9 hunting sling of the Inferno {freeze, *Corrode rF+ MR+}
   (You found it on level 4 of the Dungeon)

   It causes projectiles fired from it to freeze those they strike, causing
   extra injury to most foes and up to half again as much damage against
   particularly susceptible opponents.
   They can also slow down cold-blooded creatures.
   It protects you from fire.
   It affects your resistance to hostile enchantments.
   It may corrode you when you take damage.
 w - a +1 dagger of draining
Armour
 b - a +0 scale mail (worn)
 c - a +1 shield (worn)
 i - a +0 cloak (worn)
Jewellery
 e - a +2 ring of dexterity (left hand)
Scrolls
 g - a scroll of recharging {unknown}
 k - 2 scrolls of teleportation
 p - a scroll of identify
 q - a scroll of noise {unknown}
 r - a scroll of fear {unknown}
 v - a scroll of fog {unknown}
Potions
 j - a potion of curing
 n - a potion of brilliance {unknown}
 t - a potion of agility {unknown}
Comestibles
 f - 3 bread rations
 h - 6 chunks of flesh
 o - a meat ration
 s - a beef jerky


   Skills:
 + Level 4.0 Fighting
 + Level 4.5 Axes
 + Level 4.1 Armour
 + Level 0.6 Dodging
 + Level 0.6 Stealth
 + Level 4.7 Shields


You had 5 spell levels left.
You didn't know any spells.

Dungeon Overview and Level Annotations

Branches:
Dungeon (4/15)
 Temple: D:4-7

Altars:
Trog

Annotations:
D:4 Paps's ghost, amateur TrFi


Innate Abilities, Weirdness & Mutations

You are under a permanent stasis effect.
You can dig through walls and to a lower floor.
Your four strong arms can wield two-handed weapons with a shield.
You have a pair of large antennae on your head. (SInv)


Message History

You see here a potion of degeneration.
You barely miss the scorpion. The scorpion stings you. The scorpion stings you!
You are poisoned.
The scorpion poisons you!
Your shield and scale mail prevent you from hitting the scorpion.
You feel sick.
The scorpion stings you but does no damage.
You are too injured to fight recklessly!
You are too injured to fight recklessly!
You are too injured to fight recklessly!
You are too injured to fight recklessly!
You barely miss the scorpion.
You feel sick. You block the scorpion's attack.
You hit the scorpion.
The scorpion is moderately wounded.
You closely miss Paps's ghost.
You feel sick. The scorpion closely misses you. Paps's ghost hits you!
* * * LOW HITPOINT WARNING * * *
The scorpion stings you but does no damage.
Paps's ghost hits you!
You die...

#.....)...###.##.##!##
.#....)[......##.#...#.
.##[#####$##..##..# .
.#..# #?...W...# .
....# ####..##.##.#
..... ......#..#.#
.##.# #.##.#.#!..# #
#.# # ##.#.#..## #.#
#....W@s.# #.#
#.......#.# #..###.##.#
.... #.# . ##. #.. #. #
#.#. #. ..## ...


You could see a scorpion and Paps's ghost.

Vanquished Creatures
  An orc priest (D:4)
  An orc wizard (D:4)
  A worker ant (D:4)
  A hound skeleton (D:4)
  5 adders
  2 oozes
  5 worms
  A dart slug (D:1)
  2 leopard geckos (D:1)
  8 orcs
  5 bats
  6 giant cockroaches
  10 goblins
  10 hobgoblins
  8 jackals
  7 kobolds
  3 quokkas (D:3)
  A ball python (D:2)
  4 frilled lizards
  A jackal skeleton (D:4)
  A leopard gecko skeleton (D:4)
  5 rats
88 creatures vanquished.

Notes
Turn   | Place    | Note
-------+----------+-------------------------------------------
     0 | D:1      | volk64 the Formicid Fighter began the quest for the Orb.
     0 | D:1      | Reached XP level 1. HP: 18/18 MP: 1/1
   101 | D:1      | Reached XP level 2. HP: 21/24 MP: 2/2
   406 | D:1      | Reached XP level 3. HP: 29/29 MP: 3/3
   906 | D:2      | Found a bloodstained altar of Trog.
   969 | D:2      | Reached XP level 4. HP: 37/37 MP: 4/4
  1678 | D:2      | Reached XP level 5. HP: 39/42 MP: 5/5
  1788 | D:2      | You fall through a shaft!
  2772 | D:4      | Got a jewelled hunting sling
  2773 | D:4      | Identified the +9 hunting sling of the Inferno {freeze, *Corrode rF+ MR+} (You found it on level 4 of the Dungeon)
  2785 | D:4      | Reached XP level 6. HP: 47/48 MP: 6/6
  2898 | D:4      | Noticed Paps's ghost (amateur TrFi)
  2932 | D:4      | HP: 2/48 [Paps's ghost (10)]
  2932 | D:4      | Mangled by Paps's ghost

Skill      XL: |  1  2  3  4  5  6 |
---------------+-------------------+-----
Shields        | 4 |  4.7
Axes           | 3 4 |  4.5
Armour         | 4 |  4.1
Fighting       | 4 |  4.0
Dodging        | |  0.6
Stealth        | |  0.6

Action                   |  1- 3 |  4- 6 || total
-------------------------+-------+-------++-------
Melee: War axe           |   101 |   209 ||   310
  Use: Potion            |     3 |     2 ||     5
       Scroll            |     2 |     6 ||     8
  Eat: Chunk             |       |     7 ||     7
Armor: Scale mail        |    50 |    85 ||   135
Dodge: Dodged            |    45 |    64 ||   109
Block: Shield            |    59 |   141 ||   200
